 Dungeon Sprint DCSS version bcrawl-1.23 (webtiles) character file.

Game seed: 15314655414784355916

6968 Freyura the Basher (level 10, -7/89 HPs)
             Began as a Demonspawn Berserker on May 24, 2020.
             Was a High Priest of Trog.
             Mangled by a death yak (16 damage)
             ... in the Dungeon (Sprint IX: "|||||||||||||||||||||||||||||").
             The game lasted 00:08:24 (585 turns).

Freyura the Basher (Demonspawn Berserker)            Turns: 585, Time: 00:08:25

Health: -7/89      AC: 14    Str: 21    XL:     10   Next: 81%
Magic:  3/3        EV: 18    Int:  9    God:    Trog [*****.]
Gold:   19         SH:  0    Dex: 15    Spells: 9/9 levels left

rFire    . . .     SeeInvis .   j - +2 great mace (antimagic)
rCold    + . .     Gourm    .   (shield currently unavailable)
rNeg     . . .     Faith    .   p - +2 ring mail
rPois    .         Spirit   .   (helmet restricted)
rElec    .         Reflect  .   o - +0 cloak
rCorr    .         Harm     .   n - +0 pair of gloves
MR       .....     NoTele   +   (no boots)
Stlth    +.........             (no amulet)
HPRegen  0.24/turn              q - +3 ring of strength
MPRegen  0.08/turn              r - +2 ring of protection

@: berserk cooldown, slowed, very slow
A: claws 2, horns 1, cold resistance 1, powered by death 1, freezing cloud
immunity
a: Berserk, Trog's Hand, Brothers in Arms, Renounce Religion


You were in the Dungeon.
You worshipped Trog.
Trog was extremely pleased with you.
You were hungry.

You visited 1 branch You collected 19 gold pieces.

Inventory:

Hand Weapons
 j - a +2 antimagic great mace (weapon)
 m - a +6 dire flail of protection
Armour
 n - a +0 pair of gloves (worn)
 o - a +0 cloak (worn)
 p - a +2 ring mail (worn)
Jewellery
 q - a +3 ring of strength (left hand)
 r - a +2 ring of protection (right hand)
 t - an uncursed ring of stealth
Wands
 l - a wand of iceblast (10)
Scrolls
 i - 4 scrolls of blinking
 k - 3 scrolls of remove curse
 v - 3 scrolls of fog
Potions
 b - a potion of resistance
 c - 6 potions of heal wounds
 d - 5 potions of curing
 f - a potion of haste
 g - 4 potions of magic
 h - a potion of berserk rage
 s - a potion of brilliance
Comestibles
 a - 5 chunks of flesh
 e - 2 rations {!d}


   Skills:
 + Level 12.1 Fighting
 * Level 14.9 Maces & Flails
 + Level 11.0 Armour
 + Level 11.0 Dodging


You had 9 spell levels left.
You didn't know any spells.
Your spell library was empty.

Dungeon Overview and Level Annotations

Branches:
Dungeon (1/1)

Altars:
Cheibriados
Dithmenos
Elyvilon
Fedhas
Gozag
Hepliaklqana
Kikubaaqudgha
Lugonu
Makhleb
Nemelex Xobeh
Okawaru
Qazlal
Ru
Sif Muna
Trog
Uskayaw
Vehumet
Wu Jian
Xom
Yredelemnul
Zin
The Shining One
Beogh
Jiyva


Innate Abilities, Weirdness & Mutations

You have very sharp fingernails.
You have a pair of small horns on your head.
Your flesh is cold resistant. (rC+)
You regenerate a little health from kills.
You are immune to freezing clouds.


Message History

* * * LOW HITPOINT WARNING * * *
You bludgeon the death yak!!
The death yak is almost dead.
The death yak closely misses you. The death yak gores you!
* * * LOW HITPOINT WARNING * * *
You thump the death yak!
You kill the death yak!
Trog accepts your kill.
Your Fighting skill increases to level 12!
Your Armour skill increases to level 11!
Your Dodging skill increases to level 11!
You thump the death yak!
The death yak is lightly wounded.
The death yak gores you.
* * * LOW HITPOINT WARNING * * *
The death yak misses you.
You bludgeon the death yak!!
The death yak is heavily wounded.
The death yak gores you!
You die...

▓.▓.▓
▓.▓.▓.▓
▓.▓.▓.▓
▓)▓.▓.▓
▓|▓.▓.▓
▓?▓.▓Y▓
▓.▓.▓Y▓
▓'▓.▓Y▓
▓_▓.▓@▓
▓_▓.▓.▓
▓_▓.▓.▓
▓_▓.▓.▓
▓_▓.▓.▓
▓_▓.▓.▓
▓_▓.▓.▓
▓_▓.▓÷▓
▓_▓.▓†▓


You could see a death yak and 2 yaks.

Vanquished Creatures
  An ogre mage (D)
  2 death yaks (D)
  2 ugly things (D)
  A manticore (D)
  A black mamba (D)
  2 cane toads (D)
  A komodo dragon (D)
  A troll (D)
  2 hippogriffs (D)
  A dream sheep (D)
  3 yaks (D)
  A wyvern (D)
  3 basilisks (D)
  A crocodile (D)
  2 water moccasins (D)
  2 porcupines (D)
  A sky beast (D)
  A centaur (D)
  A wolf (D)
  A bullfrog (D)
  2 crimson imps (D)
  A jelly (D)
  A worker ant (D)
  An iguana (D)
  2 adders (D)
  A shadow imp (D)
  A bat zombie (D)
  2 goblins (D)
  A hobgoblin (D)
  A quokka (D)
  A kobold (D)
  A rat (D)
45 creatures vanquished.

Notes
Turn   | Place    | Note
-------+----------+-------------------------------------------
     0 | D        | Freyura the Demonspawn Berserker began the quest for the
                  | Orb.
     0 | D        | Reached XP level 1. HP: 18/18 MP: 1/1
     8 | D        | Reached skill level 3 in Maces & Flails
    12 | D        | Reached ** piety under Trog
    56 | D        | Noticed a crimson imp
    56 | D        | Noticed a crimson imp
    56 | D        | Noticed an iguana
    59 | D        | Killed an iguana
    59 | D        | Reached skill level 4 in Maces & Flails
    59 | D        | Gained mutation: Your flesh is cold resistant. (rC+)
                  | [demonic ancestry]
    59 | D        | Reached XP level 2. HP: 25/25 MP: 2/2
    59 | D        | Gained mutation: You have a pair of small horns on your
                  | head. [demonic ancestry]
    59 | D        | Reached XP level 3. HP: 30/30 MP: 3/3
    62 | D        | Reached *** piety under Trog
    65 | D        | Reached skill level 5 in Maces & Flails
    65 | D        | Reached XP level 4. HP: 38/38 MP: 4/4
    88 | D        | Reached skill level 5 in Fighting
    88 | D        | Reached skill level 6 in Maces & Flails
    97 | D        | Found a roughly hewn altar of Beogh.
    97 | D        | Found a snail-covered altar of Cheibriados.
    97 | D        | Found a shadowy altar of Dithmenos.
    97 | D        | Found a white marble altar of Elyvilon.
    97 | D        | Found a blossoming altar of Fedhas.
    97 | D        | Found an opulent altar of Gozag.
    98 | D        | Found a hazy altar of Hepliaklqana.
    99 | D        | Found a viscous altar of Jiyva.
   100 | D        | Found an ancient bone altar of Kikubaaqudgha.
   101 | D        | Found a corrupted altar of Lugonu.
   102 | D        | Found a burning altar of Makhleb.
   103 | D        | Found a sparkling altar of Nemelex Xobeh.
   104 | D        | Found an iron altar of Okawaru.
   105 | D        | Found a stormy altar of Qazlal.
   106 | D        | Found a sacrificial altar of Ru.
   107 | D        | Found a shimmering blue altar of Sif Muna.
   108 | D        | Found a bloodstained altar of Trog.
   109 | D        | Found a hide-covered altar of Uskayaw.
   110 | D        | Found a radiant altar of Vehumet.
   111 | D        | Found an ornate altar of the Wu Jian Council.
   112 | D        | Found a shimmering altar of Xom.
   113 | D        | Found a basalt altar of Yredelemnul.
   114 | D        | Found a glowing silver altar of Zin.
   115 | D        | Found a glowing golden altar of the Shining One.
   171 | D        | Noticed an ogre mage
   171 | D        | Noticed a red ugly thing
   171 | D        | Noticed a centaur
   171 | D        | Noticed a brown ugly thing
   175 | D        | Killed a green ugly thing
   175 | D        | Reached **** piety under Trog
   175 | D        | Reached skill level 9 in Maces & Flails
   175 | D        | Gained mutation: You are immune to freezing clouds.
                  | [demonic ancestry]
   175 | D        | Reached XP level 5. HP: 48/48 MP: 5/5
   175 | D        | Reached XP level 6. HP: 55/55 MP: 6/6
   178 | D        | Gained mutation: You have sharp fingernails. [demonic
                  | ancestry]
   178 | D        | Reached XP level 7. HP: 60/60 MP: 7/7
   185 | D        | Killed a red ugly thing
   185 | D        | Reached skill level 10 in Maces & Flails
   190 | D        | Killed an ogre mage
   190 | D        | Reached skill level 11 in Maces & Flails
   190 | D        | Gained mutation: You have very sharp fingernails. [demonic
                  | ancestry]
   190 | D        | Reached XP level 8. HP: 71/71 MP: 8/8
   192 | D        | Reached ***** piety under Trog
   195 | D        | Received a gift from Trog
   236 | D        | Noticed a troll
   240 | D        | Killed a troll
   246 | D        | Reached XP level 9. HP: 78/78 MP: 9/9
   247 | D        | Reached skill level 12 in Maces & Flails
   432 | D        | Noticed a black mamba
   432 | D        | Noticed a komodo dragon
   436 | D        | Killed a komodo dragon
   436 | D        | Received a gift from Trog
   436 | D        | Reached skill level 10 in Fighting
   443 | D        | Noticed a cane toad
   448 | D        | Killed a black mamba
   452 | D        | Reached skill level 13 in Maces & Flails
   458 | D        | Killed a cane toad
   458 | D        | Received a gift from Trog
   494 | D        | Noticed a cane toad
   496 | D        | Gained mutation: You regenerate a little health from kills.
                  | [demonic ancestry]
   496 | D        | Reached XP level 10. HP: 87/87 MP: 3/10
   497 | D        | Noticed a manticore
   501 | D        | Reached skill level 10 in Armour
   501 | D        | Reached skill level 10 in Dodging
   502 | D        | Killed a cane toad
   509 | D        | Received a gift from Trog
   514 | D        | Reached skill level 14 in Maces & Flails
   518 | D        | Killed a manticore
   561 | D        | Noticed a death yak
   561 | D        | Noticed a death yak
   568 | D        | Noticed a death yak
   577 | D        | Killed a death yak
   577 | D        | Received a gift from Trog
   583 | D        | Killed a death yak
   585 | D        | Mangled by a death yak

Skill      XL: |  1  2  3  4  5  6  7  8  9 10 |
---------------+-------------------------------+-----
Maces & Flails | 4 5 9 11 13 14 | 14.9
Armour         | 3 6 8 9 11 | 11.0
Dodging        | 2 3 6 8 9 11 | 11.0
Fighting       | 4 7 9 11 12 | 12.1

Action                   |  1- 3 |  4- 6 |  7- 9 | 10-12 || total
-------------------------+-------+-------+-------+-------++-------
Melee: Mace              |    16 |    11 |       |       ||    27
       Headbutt          |     2 |     5 |    16 |     4 ||    27
       Dire flail        |       |     7 |    54 |       ||    61
       Great mace        |       |       |     2 |    44 ||    46
Invok: Berserk           |     2 |     1 |     4 |     1 ||     8
       Trog's Hand       |     1 |     1 |     4 |     1 ||     7
  Use: Potion            |       |     1 |     1 |     1 ||     3
       Scroll            |       |       |     4 |       ||     4
 Stab: Invisible         |       |     2 |     4 |       ||     6
  Eat: Chunk             |       |       |     6 |     2 ||     8
Armor: Animal skin       |     2 |     1 |       |       ||     3
       Ring mail         |       |       |    18 |    19 ||    37
Dodge: Dodged            |     1 |     6 |    24 |    40 ||    71
